Map: 대시 앤드 터미널 - 래더 (공허)

Players

qxc

  • Race: Terran Terran
  • League: Diamond

BIGBOY (Patience) - Winner!

  • Race: Protoss Protoss
  • League: Diamond

Event: ASL Season 5 Prime League LOTV Beta

VOD

Have the link to the VOD?

Description

Time

  • Played on: Sept. 21, 2015, 12:37 p.m.
  • Length: 3:57

All games in this series

Show
View Real Time Build Order
Export as new Build Order

qxc Terran 

Build Orders:  

Get SALT Encoding   

  12  0:00  SCV  
  13  0:12  SCV  
  14  0:18  Supply Depot  
  14  0:25  SCV  
  15  0:40  SCV  
  15  0:42  Barracks  
  16  0:43  Refinery  
  16  0:52  SCV  
  17  1:04  SCV  
  18  1:16  SCV  
  19  1:29  Barracks Reactor, Orbital Command  
  19  1:41  Command Center  
  19  1:51  Supply Depot  
  19  1:56  SCV  
  20  2:05  Marine  
  20  2:06  Marine  
  22  2:14  SCV  
  22  2:15  Factory  
  23  2:23  Marine  
  23  2:24  Bunker  
  23  2:26  Marine  
  25  2:34  SCV  
  26  2:41  Marine  
  26  2:44  Marine  
  27  2:46  SCV  
  23  2:58  SCV  
  23  3:00  Factory Tech Lab  
  23  3:02  Marine  
  24  3:10  Marine  
  25  3:17  SCV  
  24  3:20  Marine  
  22  3:37  Marine  
  22  3:39  SCV  
Show
View Real Time Build Order
Export as new Build Order

BIGBOY Protoss - Winner!

Build Orders:  

Get SALT Encoding   

  12  0:09  Pylon  
  12  0:13  Probe (Chrono Boost)  
  13  0:23  Probe (Chrono Boost)  
  14  0:31  Gateway  
  14  0:34  Probe (Chrono Boost)  
  15  0:44  Probe (Chrono Boost)  
  15  0:46  Assimilator  
  16  0:51  Assimilator  
  16  0:54  Probe (Chrono Boost)  
  17  1:04  Probe (Chrono Boost)  
  18  1:14  Probe (Chrono Boost)  
  19  1:19  Cybernetics Core  
  19  1:24  Probe (Chrono Boost)  
  20  1:32  Pylon  
  20  1:34  Probe (Chrono Boost)  
  21  1:44  Probe (Chrono Boost)  
  22  1:55  Mothership Core (Chrono Boost)  
  22  1:56  Adept (Chrono Boost)  
  22  2:00  Warp Gate (Chrono Boost)  
  26  2:18  Pylon  
  26  2:20  Pylon  
  26  2:22  Pylon  
  26  2:30  Pylon  
  26  2:35  Adept (Chrono Boost)  
  27  2:57  Adept (Chrono Boost)  
  29  2:58  Stargate  
  29  3:12  Probe  
  28  3:26  Adept (Chrono Boost)  
  31  3:32  Gateway  
  30  3:37  Gateway  
Tags
 
Add a new tag
Caveats
  • Supply blocks, unpowered buildings, or Contaminate may cause inaccurate times.
  • Supply counts are checked every 10 seconds.